 Dungeon Crawl Stone Soup version 0.28-a0-172-g787e458d71 (webtiles) character file.

Game seed: 7059158679880982067

161 Spaninq the Skirmisher (level 5, -5/41 HPs)
             Began as a Mummy Wanderer on Aug 16, 2021.
             Killed by divine providence
             ... invoked by an orc priest
              (15 damage)
             ... on level 4 of the Dungeon.
             The game lasted 00:06:00 (3395 turns).

Spaninq the Skirmisher (Mummy Wanderer)             Turns: 3395, Time: 00:06:00

Health: -5/41      AC:  8    Str: 15    XL:     5   Next: 19%
Magic:  9/9        EV:  6    Int: 12    God:
Gold:   78         SH:  0    Dex: 12    Spells: 9/9 levels left

rFire   x . .      SeeInvis .   a - +2 dagger (freeze)
rCold   + . .      Faith    .   (no shield)
rNeg    + + +      Spirit   .   f - +0 chain mail
rPois   ∞          Reflect  .   (no helmet)
rElec   .          Harm     .   (no cloak)
rCorr   .          Rampage  .   (no gloves)
Will    .....                   (no boots)
Stlth   ..........              (no amulet)
HPRegen 0.13/turn               (no ring)
MPRegen 0.11/turn               (no ring)

@: no status effects
A: cold resistance 1, negative energy resistance 3, torment resistance 2, heat
vulnerability 1, no potions
a: no special abilities


You were on level 4 of the Dungeon.
You visited 1 branch of the dungeon, and saw 4 of its levels.

You collected 78 gold pieces.

Inventory:

Hand Weapons
 a - a +2 dagger of freezing (weapon)
Armour
 d - a +0 robe
 f - a +0 chain mail (worn)
Scrolls
 b - a scroll of fear
 c - 2 scrolls of teleportation
 e - a scroll of blinking
 g - a scroll of magic mapping
 h - 2 scrolls of amnesia
 i - a scroll of enchant armour {unknown}
 j - 2 scrolls of noise {unknown}
 k - a scroll of identify {unknown}


   Skills:
 + Level 3.5 Fighting
 - Level 1.0 Throwing
 + Level 2.5 Armour
 - Level 1.0 Stealth
 - Level 2.0 Unarmed Combat
 - Level 2.6 Spellcasting
 - Level 1.5 Summonings
 - Level 1.0 Poison Magic


You had 9 spell levels left.
You didn't know any spells.
Your spell library contained the following spells:

 Spells                   Type           Power      Damage    Failure   Level
 Magic Dart               Conj           4%         1d3       99%         1
 Dazzling Flash           Conj/Hex       2%         N/A       100%        3
 Stone Arrow              Conj/Erth      2%         3d7       100%        3
 Iskenderun's Mystic Bla  Conj/Tloc      1%         2d3       100%        4
 Olgreb's Toxic Radiance  Pois           4%         N/A       100%        4
 Starburst                Conj/Fire      0%         6d3       100%        6
 Ozocubu's Refrigeration  Ice            0%         4d5       100%        7
 Ignition                 Fire           0%         3d3       100%        8


Dungeon Overview and Level Annotations

Branches:
Dungeon (4/15)
 Temple: D:4-7

Altars:


Innate Abilities, Weirdness & Mutations

You are immune to poison.
Your flesh is cold resistant. (rC+)
You are immune to negative energy. (rN+++)
You are immune to unholy pain and torment.
You are vulnerable to heat. (rF-)
You do not drink.


Message History

The orc priest shouts!
You hear a shout!
You see here 8 gold pieces.
You now have 78 gold pieces (gained 8).
You see here 16 arrows.
Found a stone staircase leading up.
There is a stone staircase leading up here.
The orc priest hits you but does no damage.
You barely miss the orc priest.
The orc priest invokes the aid of Beogh against you.
Beogh smites you!
You barely miss the orc priest.
The orc priest calls down the wrath of Beogh upon you.
Beogh smites you!
You hit the orc priest. You freeze the orc priest.
The orc priest is lightly wounded.
The orc priest hits you but does no damage.
You barely miss the orc priest.
The orc priest is lightly wounded.
The orc priest hits you with a +0 trident.
You hit the orc priest but do no damage.
The orc priest is lightly wounded.
The orc priest hits you but does no damage.
You barely miss the orc priest.
The orc priest is lightly wounded.
The orc priest hits you but does no damage.
You hit the orc priest but do no damage.
The orc priest is lightly wounded.
The orc priest hits you with a +0 trident!
* * * LOW HITPOINT WARNING * * *
You hit the orc priest but do no damage.
The orc priest is lightly wounded.
The orc priest hits you but does no damage.
You hit the orc priest but do no damage.
The orc priest is lightly wounded.
The orc priest hits you but does no damage.
You closely miss the orc priest.
The orc priest is lightly wounded.
The orc priest calls down the wrath of Beogh upon you.
Beogh smites you!
You die...

#.# ###..÷...!.##.#### #.#
#.....#.........# #.#
###............##.# ##
##.# ###.......#####...#.#
.. ..#
###............#......##.#
.###.##.#........#
#.......<.#
#.#.###.###....#.#
#......####
#..†.†.........o.#
##...#†#
######.......#.#@# #####.#
#..####...#<#.####..>#
#..# ##.##.#........#
....# #(##.######.#.##
####.# ###.##.# ###..#.###
#.# #.o.##.. ....###..#
..# #.###### #.##..#.#.##
## #.# # # #.#...### #.#
#........


You could see an orc priest.

Vanquished Creatures
  A hound (D:4)
  A bullfrog skeleton (D:4)
  2 adders (D:2)
  5 worms
  An orc (D:3)
  5 ball pythons
  10 endoplasms
  3 giant cockroaches
  7 goblins
  7 hobgoblins
  3 jackals (D:2)
  3 kobolds
  3 quokkas
  4 bats
  5 frilled lizards
  5 rats
65 creatures vanquished.

Notes
Turn   | Place    | Note
-------+----------+-------------------------------------------
     0 | D:1      | Spaninq the Mummy Wanderer began the quest for the Orb.
     0 | D:1      | Spaninq set off with the following items: a +0 club, a
                  | scroll of fear, a scroll of teleportation, a +0 robe, a
                  | scroll of blinking; and the following spell memorised:
                  | Magic Dart; and the following spells available to memorise:
                  | Stone Arrow
     0 | D:1      | Reached XP level 1. HP: 15/15 MP: 4/4
   312 | D:1      | Reached XP level 2. HP: 21/21 MP: 5/5
   796 | D:1      | Reached skill level 2 in Fighting
   881 | D:2      | Reached skill level 1 in Armour
   919 | D:2      | Reached XP level 3. HP: 26/27 MP: 7/7
  1864 | D:2      | Reached XP level 4. HP: 34/34 MP: 8/8
  2958 | D:4      | Reached skill level 3 in Fighting
  3168 | D:4      | Reached XP level 5. HP: 20/41 MP: 9/9
  3395 | D:4      | Killed from afar by an orc priest

Illustrated notes

Levels and vault maps discovered:
D:1:      tarquinn_simple_flora_water_f, layout_loops_ring
D:2:      layout_basic, serial_rivers, chequers_serial_rivers_room_b,
          chequers_serial_rivers_room_b, chequers_serial_rivers_micro_d,
          chequers_serial_rivers_room_b, chequers_serial_rivers_room_b,
          chequers_serial_rivers_micro_c, dk_vineyard_1
D:3:      layout_loops_ring
D:4:      layout_loops_ring

Skill      XL: |  1  2  3  4 |
---------------+-------------+-----
Unarmed Combat | 2 |  2.0
Fighting       | 2 3 |  3.5
Armour         | 1 2 |  2.5
Throwing       | |  1.0
Stealth        | |  1.0
Spellcasting   | |  2.6
Summonings     | |  1.5
Poison Magic   | |  1.0

Action                   |  1- 3 |  4- 6 || total
-------------------------+-------+-------++-------
Melee: Dagger            |   143 |   109 ||   252
       Unarmed           |     2 |       ||     2
       Punch             |     2 |       ||     2
  Use: Scroll            |       |     2 ||     2
Armor: Chain mail        |    82 |    41 ||   123
Dodge: Dodged            |    30 |    17 ||    47

Table legend: (Time is in decaauts)
 A = Elapsed time spent in this place.
 B = Non-inter-level travel time spent in this place.
 C = Inter-level travel time spent in this place.
 D = Time resting spent in this place.
 E = Time spent auto-exploring this place.
 F = Levels seen in this place.
 G = Mean time per level.
                   A        B        C        D        E       F      G
               +--------+--------+--------+--------+--------+-----+--------+
         Total |   3410 |   3305 |    105 |    440 |   2335 |   4 |  852.5 |
       Dungeon |   3410 |   3305 |    105 |    440 |   2335 |   4 |  852.5 |
               +--------+--------+--------+--------+--------+-----+--------+

Top non-repeatable levels by time:
     D:2: 1089 daAuts
     D:3: 958 daAuts
     D:1: 867 daAuts
     D:4: 494 daAuts
